 Dungeon Crawl Stone Soup version 0.32-a0-876-gcfddb08e57 (webtiles) character file.

Game seed: 16318697000926805116

102 WoollyButcher the Grave Robber (level 4, -9/33 HPs)
             Began as a Coglin Necromancer on Mar 31, 2024.
             Killed by nerve-wracking pain
             ... invoked by Grinder
              (10 damage)
             ... on level 3 of the Dungeon.
             The game lasted 00:03:01 (2314 turns).

WoollyButcher the Grave Robber (Coglin Necromancer) Turns: 2314, Time: 00:03:03

Health: -9/33      AC:  2    Str:  8    XL:     4   Next: 78%
Magic:  6/6        EV: 12    Int: 14    God:
Gold:   112        SH:  0    Dex: 17    Spells: 5/6 levels left

rFire   . . .        c - +0 short sword {Keminub}
rCold   . . .        l - +0 short sword {Kiyoto}
rNeg    . . .        a - +0 robe
rPois   .            (no helmet)
rElec   .            (no cloak)
rCorr   .            (no gloves)
SInv    .            (no boots)
Will    .....        (amulet unavailable)
Stlth   ++           (ring unavailable)
HPRegen 0.25/turn    (ring unavailable)
MPRegen 0.10/turn    (no gizmo)

%: no passive effects
@: revved
A: off-hand wielding, slow wielding, warmup strikes, no jewellery
a: Invent Gizmo


You were on level 3 of the Dungeon.
You visited 1 branch of the dungeon, and saw 3 of its levels.

You collected 112 gold pieces.

Inventory:

Hand Weapons
 c - a +0 short sword (weapon) {Keminub}
 d - a +0 dagger {Ajinder}
 l - a +0 short sword (offhand) {Kiyoto}
Armour
 a - a +0 robe (worn)
Magical Staves
 k - a staff of earth {!a}
Scrolls
 f - a scroll of noise {unknown}
 h - a scroll of immolation {!r!r}
 i - 2 scrolls of teleportation {unknown}
 j - a scroll of acquirement {unknown}
 m - a scroll of torment {unknown}
 o - 3 scrolls of identify {unknown}
 s - a scroll of enchant weapon {unknown}
 t - a scroll of amnesia {unknown}
Potions
 b - 2 potions of magic
 e - a potion of attraction {unknown}
 g - a potion of enlightenment {unknown}
 n - a potion of berserk rage {unknown}
 p - a potion of curing {unknown}
 r - a potion of heal wounds {unknown}


   Skills:
 + Level 2.1 Fighting
 * Level 2.5 Long Blades
 + Level 2.7 Dodging
 - Level 1.5 Stealth
 - Level 1.7 Spellcasting
 - Level 4.0 Necromancy


You had 5 spell levels left.
You knew the following spells:

 Your Spells              Type           Power      Damage    Failure   Level
X - Necrotise             Necr           48%        1d6       4%          1

Your spell library contained the following spells:

 Spells                   Type           Power      Damage    Failure   Level
 Vampiric Draining        Necr           12%        2d6       14%         3
 Animate Dead             Necr           12%        N/A       43%         4
 Curse of Agony           Necr           12%        N/A       78%         5


Dungeon Overview and Level Annotations

Branches:
Dungeon (3/15)

Altars:

Annotations:
D:3 Grinder


Innate Abilities, Weirdness & Mutations

You can wield a second weapon in your off-hand.
It takes a long time for you to wield or remove held weapons.
Your first few attacks do less damage.
You cannot equip rings or amulets.


Message History

You writhe in agony.
* * * LOW HITPOINT WARNING * * *
You can move again.
You hit Grinder with your +0 short sword.
You closely miss Grinder with your +0 short sword.
Grinder closely misses you.
You hit Grinder with your +0 short sword.
You barely miss Grinder with your +0 short sword.
Unknown command.
Found 11 gold pieces.
Found a stone staircase leading up.
The goblin hits you but does no damage.
You hit the goblin with your +0 short sword. x2
You kill the goblin!
You hit Grinder but do no damage.
You hit Grinder with your +0 short sword.
Grinder is no longer blind.
Grinder blinks!
Aiming: Bolt of Light
Press: ? - help, Q - select action, (/) - cycle Shift-Dir - straight line, f/p - Grinder
Aim: Grinder (moderately wounded, 68% to hit)
The bolt of light misses Grinder.
Aiming: Bolt of Light
Press: ? - help, Q - select action, (/) - cycle Shift-Dir - straight line, f/p - Grinder
Aim: Grinder (moderately wounded, 68% to hit)
The bolt of light hits Grinder!
Grinder is blinded.
The now-empty wand crumbles to dust.
Found a stone staircase leading up.
Grinder hits you but does no damage.
Things that are here:
a +0 dagger; a goblin corpse You hit Grinder with your +0 short sword.
You hit Grinder but do no damage. Grinder hits you.
* * * LOW HITPOINT WARNING * * *
You writhe in agony.
* * * LOW HITPOINT WARNING * * *
You hit Grinder with your +0 short sword.
You hit Grinder but do no damage. Grinder gestures at you.
Pain shoots through your body!
* * * LOW HITPOINT WARNING * * *
You hit Grinder with your +0 short sword.
You catch the helpless Grinder completely off-guard!
You hit Grinder with your +0 short sword.
Grinder closely misses you.
Unknown command.
You hit Grinder with your +0 short sword.
You catch the helpless Grinder completely off-guard!
You hit Grinder with your +0 short sword.
Grinder gestures at you. Pain shoots through your body!
You die...
Grinder says, "Hey, I wasn't done torturing you yet!"

...# .... ####### .<.#.
#.....# <.... #.....#
...... #.....#
..$...###### ##.....#
.$.........######......#
......5@........#......#
...##...#..####......###
#.#.###...........##
#.#.# ##...........#
#.#.# ######.....##
#.#.# #.....# .#.#
##.....# .# #..###.#
#### #.#


You could see Grinder (blind, unable to see you).

Vanquished Creatures
  4 adders (D:3)
  A dart slug (D:1)
  2 ribbon worms (D:2)
  6 bats
  5 endoplasms
  2 giant cockroaches (D:1)
  3 goblins
  4 hobgoblins
  2 jackals (D:2)
  2 quokkas
  2 ball pythons
  4 frilled lizards
  6 kobolds
  4 rats
47 creatures vanquished.

Vanquished Creatures (collateral kills)
  An adder (D:2)
1 creature vanquished.

Grand Total: 48 creatures vanquished

Notes
Turn   | Place    | Note
-------+----------+-------------------------------------------
     0 | D:1      | WoollyButcher the Coglin Necromancer began the quest for
                  | the Orb.
     0 | D:1      | Reached XP level 1. HP: 13/13 MP: 3/3
   271 | D:1      | Reached skill level 1 in Fighting
   271 | D:1      | Reached XP level 2. HP: 21/21 MP: 0/4
   369 | D:1      | Found a faded altar of an unknown god.
   534 | D:1      | Reached skill level 1 in Long Blades
   549 | D:1      | Reached XP level 3. HP: 26/26 MP: 2/5
  1600 | D:2      | Reached XP level 4. HP: 31/33 MP: 0/6
  2297 | D:3      | Noticed Grinder
  2301 | D:3      | Paralysed by Grinder for 2 turns
  2312 | D:3      | HP: 1/33 [Grinder/nerve-wracking pain (11)]
  2314 | D:3      | Killed from afar by Grinder

Illustrated notes

Levels and vault maps discovered:
D:1:      amcnicky_arrival_choice, layout_rooms,
          hellmonk_ecumenical_altar_blasted, kennysheep_flooded_box
D:2:      layout_basic, serial_rivers, chequers_serial_rivers_micro_e,
          chequers_serial_rivers_marsh, chequers_serial_rivers_micro_b,
          chequers_serial_rivers_micro_a, nicolae_elevator_lobby_plus
D:3:      minmay_inner_zag, layout_rooms, lemuel_crystal_altar, uniq_grinder

Skill      XL: |  1  2  3  4 |
---------------+-------------+-----
Dodging        | 2 |  2.7
Fighting       | 1 2 |  2.1
Long Blades    | 1 2 |  2.5
Stealth        | |  1.5
Spellcasting   | |  1.7
Necromancy     | |  4.0

Action                     |  1- 3 |  4- 6 || total
---------------------------+-------+-------++-------
  Melee: Unarmed           |    14 |       ||    14
         Short sword       |    36 |    31 ||    67
         Dagger            |    18 |       ||    18
   Cast: Necrotise         |    58 |    19 ||    77
  Evoke: Wand              |       |     3 ||     3
   Stab: Invisible         |       |     2 ||     2
 Armour: Robe              |    26 |    11 ||    37
  Dodge: Dodged            |    41 |    14 ||    55

Table legend: (Time is in decaauts)
 A = Elapsed time spent in this place.
 B = Non-inter-level travel time spent in this place.
 C = Inter-level travel time spent in this place.
 D = Time resting spent in this place.
 E = Time spent auto-exploring this place.
 F = Levels seen in this place.
 G = Mean time per level.
                   A        B        C        D        E       F      G
               +--------+--------+--------+--------+--------+-----+--------+
         Total |   2313 |   2236 |     77 |     19 |   1906 |   3 |  771.0 |
       Dungeon |   2313 |   2236 |     77 |     19 |   1906 |   3 |  771.0 |
               +--------+--------+--------+--------+--------+-----+--------+

Top non-repeatable levels by time:
     D:2: 1300 daAuts
     D:1: 699 daAuts
     D:3: 313 daAuts
